 Dungeon Crawl Stone Soup version 0.28.0-62-gf88900778d (webtiles) character file.

Game seed: 5976376725515975684

37 Coron the Ruffian (level 3, -4/32 HPs)
             Began as a Deep Dwarf Transmuter on Mar 25, 2023.
             Slain by an orc
             ... wielding a +4 morningstar of protection
              (11 damage)
             ... on level 2 of the Dungeon.
             The game lasted 00:04:33 (1057 turns).

Coron the Ruffian (Deep Dwarf Transmuter)           Turns: 1057, Time: 00:04:33

Health: -4/32      AC:  7    Str: 15    XL:     3   Next: 21%
Magic:  6/6        EV: 12    Int: 13    God:
Gold:   23         SH:  0    Dex: 13    Spells: 5/6 levels left

rFire   . . .      SeeInvis .   c - +0 dagger
rCold   . . .      Faith    .   (no shield)
rNeg    . . .      Spirit   .   g - +0 leather armour
rPois   .          Reflect  .   (no helmet)
rElec   .          Harm     .   (no cloak)
rCorr   .          Rampage  .   (no gloves)
Will    .....                   (no boots)
Stlth   +.........              (no amulet)
HPRegen 0.00/turn               d - +4 ring of protection
MPRegen 0.10/turn               (no ring)

@: no status effects
A: damage resistance, heal wounds, sense surroundings 1, no regeneration
a: Heal Wounds


You were on level 2 of the Dungeon.
You visited 1 branch of the dungeon, and saw 2 of its levels.

You collected 23 gold pieces.

Inventory:

Hand Weapons
 c - a +0 dagger (weapon)
Armour
 g - a +0 leather armour (worn)
Jewellery
 d - a +4 ring of protection (left hand)
Scrolls
 e - 2 scrolls of immolation
Potions
 b - a potion of haste


   Skills:
 + Level 1.8 Fighting
 - Level 2.0 Armour
 - Level 2.1 Dodging
 - Level 2.6 Unarmed Combat
 - Level 2.0 Spellcasting
 - Level 2.0 Transmutations


You had 5 spell levels left.
You knew the following spells:

 Your Spells              Type           Power      Damage    Failure   Level
a - Beastly Appendage     Tmut           12%        N/A       14%         1

Your spell library contained the following spells:

 Spells                   Type           Power      Damage    Failure   Level
 Wereblood                Tmut           6%         N/A       21%         2
 Spider Form              Tmut/Pois      3%         N/A       52%         3
 Ice Form                 Ice/Tmut       3%         N/A       90%         4


Dungeon Overview and Level Annotations

Branches:
Dungeon (2/15)

Altars:


Innate Abilities, Weirdness & Mutations

You are resistant to damage.
You can heal yourself by infusing magical energy.
You passively map a small area around you.
You do not regenerate.


Message History

The orc hits you with a +4 morningstar of protection.
You hit the orc but do no damage. You claw the orc, but do no damage.
The orc is moderately wounded.
The orc misses you.
You hit the orc.
The orc is heavily wounded.
The orc closely misses you.
You hit the orc but do no damage.
The orc is heavily wounded.
Your horns disappear.
Your talons disappear.
The orc closely misses you.
You closely miss the orc.
The orc is heavily wounded.
The orc misses you.
You barely miss the orc.
The orc is heavily wounded.
The orc hits you with a +4 morningstar of protection.
You hit the orc but do no damage.
The orc is heavily wounded.
The orc hits you with a +4 morningstar of protection!
You closely miss the orc.
The orc is heavily wounded.
The orc hits you with a +4 morningstar of protection!
You hit the orc but do no damage.
The orc is heavily wounded.
The orc barely misses you.
You barely miss the orc.
The orc is heavily wounded.
The orc hits you but does no damage.
You hit the orc but do no damage.
The orc is heavily wounded.
The orc hits you with a +4 morningstar of protection.
* * * LOW HITPOINT WARNING * * *
You barely miss the orc.
The orc is heavily wounded.
The orc closely misses you.
You barely miss the orc.
The orc is heavily wounded.
The orc hits you with a +4 morningstar of protection!
You die...

* (## +# ..# .# #o.
###.####### #.#
#...[.....# #o#
#.........# #.# **
#.....##..# #.#
.########....###..#####.#
........)<....@oo..)....#
.########...####..#######
#...# #..# #...####..#
#.........# ###.####### *
#.# ** , ,..., * ##.##


You could see 2 orcs.

Vanquished Creatures
  A gnoll (D:1)
  A dart slug (D:2)
  An orc (D:2)
  4 endoplasms
  3 giant cockroaches (D:1)
  A goblin (D:2)
  2 hobgoblins (D:1)
  A ball python (D:1)
  3 bats (D:1)
  A frilled lizard (D:1)
  3 kobolds (D:1)
  A rat (D:1)
22 creatures vanquished.

Notes
Turn   | Place    | Note
-------+----------+-------------------------------------------
     0 | D:1      | Coron the Deep Dwarf Transmuter began the quest for the
                  | Orb.
     0 | D:1      | Reached XP level 1. HP: 16/16 MP: 3/3
    25 | D:1      | Reached skill level 1 in Fighting
   162 | D:1      | Reached skill level 1 in Armour
   162 | D:1      | Reached XP level 2. HP: 15/25 MP: 3/5
   721 | D:1      | Reached XP level 3. HP: 31/31 MP: 6/6
  1057 | D:2      | Slain by an orc

Illustrated notes

Levels and vault maps discovered:
D:1:      lightli_arrival_farm, layout_basic
D:2:      layout_loops_corners, uniq_terence

Skill      XL: |  1  2 |
---------------+-------+-----
Fighting       | 1 |  1.8
Spellcasting   | 2 |  2.0
Transmutations | 2 |  2.0
Armour         | 1 2 |  2.0
Dodging        | |  2.1
Unarmed Combat | |  2.6

Action                   || total
-------------------------++-------
Melee: Unarmed           ||    13
       Dagger            ||    92
       Kick              ||    15
       Headbutt          ||    10
       Punch             ||     1
Throw: Stone             ||     5
 Cast: Beastly Appendage ||    15
 Abil: Heal Wounds       ||     1
  Use: Scroll            ||     2
Armor: Robe              ||    11
       Leather armour    ||    19
Dodge: Dodged            ||    65
